 Dungeon Crawl Stone Soup version 0.30-a0-605-gb2882149bf (webtiles) character file.

Game seed: 4064450754245439128

4452 wormed the Nimble (level 10, -2/43 (47) HPs)
             Began as a Felid Summoner on Jan 8, 2023.
             Was an Initiate of Gozag.
             Slain by a spectral orc knight
             ... wielding a +1 heavy great sword
             ... summoned by Nergalle
              (10 damage)
             ... on level 11 of the Dungeon.
             The game lasted 00:40:53 (12663 turns).

wormed the Nimble (Felid Summoner)                 Turns: 12663, Time: 00:40:54

HP:   -2/43 (47)    AC:  2    Str: 10    XL:     10   Next: 15%
MP:   13/22         EV: 24    Int: 21    God:    Gozag
Gold: 673           SH:  0    Dex: 17    Spells: 9/24 levels left
                                        Lives: 0   Deaths: 3

rFire   . . .      SeeInvis +    (weapon unavailable)
rCold   . . .      Faith    .    (shield unavailable)
rNeg    . . .      Spirit   .    (body armour unavailable)
rPois   .          Reflect  .    (helmet unavailable)
rElec   .          Harm     .    (cloak unavailable)
rCorr   .          Rampage  .    (gloves unavailable)
Will    +....                    (boots unavailable)
Stlth   ++                       d - amulet of the acrobat
HPRegen 0.27/turn                h - +6 ring of strength
MPRegen 0.18/turn                (no ring)

@: studying Evocations, drained, quick
A: very small, claws 1, fangs 3, see invisible, speed 1, shaggy fur 2, stealthy
paws, no weapons or thrown items, no armour, multi-lived
a: Renounce Religion, Potion Petition, Call Merchant, Bribe Branch


You were on level 11 of the Dungeon.
You worshipped Gozag.
Gozag was pleased with you.
You visited 2 branches of the dungeon, and saw 12 of its levels.
You visited the Abyss 1 time.

You collected 1060 gold pieces.
You spent 252 gold pieces at shops.
You paid 135 gold pieces to Gozag.

Inventory:

Jewellery
 d - an amulet of the acrobat (around neck)
 f - a ring of fire
 h - a +6 ring of strength (left paw)
Wands
 n - a wand of iceblast (5) (quivered)
 o - a wand of charming (7)
 p - a wand of flame (15)
Scrolls
 b - 4 scrolls of teleportation
 c - 12 scrolls of identify
 j - 3 scrolls of magic mapping
 k - a scroll of amnesia {unknown}
 l - 3 scrolls of immolation
 m - 6 scrolls of fear
 r - 4 scrolls of blinking
Potions
 a - 5 potions of magic
 e - 6 potions of brilliance
 g - 6 potions of curing
 i - 2 potions of ambrosia
 q - a potion of berserk rage
 s - 2 potions of attraction
 t - a potion of haste
 u - 3 potions of lignification


   Skills:
 + Level 7.6 Fighting
 + Level 10.2 Dodging
 - Level 2.6 Stealth
 + Level 7.9 Spellcasting
 - Level 5.0 Hexes
 + Level 9.3 Summonings
 + Level 6.4 Air Magic


You had 9 spell levels left.
You knew the following spells:

 Your Spells              Type           Power      Damage    Failure   Level
a - Summon Small Mammal   Summ           100%       N/A       1%          1
b - Call Canine Familiar  Summ           47%        N/A       1%          3
c - Summon Guardian Gole  Hex/Summ       38%        N/A       1%          3
d - Summon Lightning Spi  Summ/Air       41%        N/A       3%          4
e - Airstrike             Air            17%        2d(3-19)  5%          4

Your spell library contained the following spells:

 Spells                   Type           Power      Damage    Failure   Level
 Call Imp                 Summ           47%        N/A       1%          2
 Swiftness                Air            35%        N/A       1%          3
 Ensorcelled Hibernation  Hex/Ice        36%        N/A       4%          2
 Apportation              Tloc           16%        N/A       9%          1
 Beastly Appendage        Tmut           16%        N/A       9%          1
 Foxfire                  Conj/Fire      32%        2x1d5     9%          1
 Necrotise                Necr           32%        1d5       9%          1
 Passwall                 Tmut/Erth      6%         N/A       12%         2
 Wereblood                Tmut           8%         N/A       12%         2
 Spider Form              Tmut/Pois      8%         N/A       24%         3
 Lightning Bolt           Conj/Air       10%        1d23      52%         5
 Fireball                 Conj/Fire      4%         3d4       92%         5
 Starburst                Conj/Fire      4%         6d3       100%        6


Dungeon Overview and Level Annotations

Branches:
Dungeon (11/15)            Temple (1/1) D:5            Lair (0/5) D:10
    Orc: D:9-12

Altars:
Ashenzari
Cheibriados
Dithmenos
Elyvilon
Fedhas
Gozag
Hepliaklqana
Kikubaaqudgha
Makhleb
Nemelex Xobeh
Okawaru
Qazlal
Ru
Sif Muna
Trog
Uskayaw
Vehumet
Wu Jian
Xom
Yredelemnul
Zin
The Shining One

Shops:
D:5 :(   D:9 *

Annotations:
D:3 2 transporters, Bediveer's ghost, amateur KoHu
D:4 1 runed translucent door, benadryl's ghost, novice TrEE
D:6 2 transporters, Chaicat's ghost, amateur MiFi
D:11 3 runed translucent doors, Nergalle; bmack86's ghost, journeyman MiFi


Innate Abilities, Weirdness & Mutations

You have sharp claws.
You have razor-sharp teeth.
You have supernaturally acute eyesight. (SInv)
You cover ground quickly. (Speed+)
You are covered in thick fur. (AC +2)
Your paws help you pounce on unaware monsters.
You are incapable of wielding weapons or throwing items.
You cannot wear armour.
You gain extra lives every three experience levels.


Message History

The spectral orc warrior hits your wolf with a +0 mace!
The spectral orc barely misses you.
Nergalle hits your wolf with a +0 dagger of venom.
Your wolf misses Nergalle.
You scratch the spectral orc but do no damage.
The spectral orc is severely damaged.
Your guardian golem overheats!
Your wolf bites Nergalle.
The spectral orc warrior hits your wolf with a +0 mace!
Your wolf dies!
Your wolf's corpse disappears in a puff of smoke!
Flame seeps out of your guardian golem. The spectral orc barely misses you.
The spectral orc knight closely misses you.
You scratch the spectral orc.
You destroy the spectral orc!
The spectral orc disappears in a puff of smoke!
Nergalle casts a spell at you.
The bolt of negative energy hits the spectral orc warrior.
The spectral orc warrior completely resists.
The bolt of negative energy misses you.
The bolt of negative energy hits the spectral orc knight.
The spectral orc knight completely resists.
The bolt of negative energy hits the spectral orc warrior.
The spectral orc warrior completely resists.
The spectral orc knight misses you.
You scratch the spectral orc warrior.
The spectral orc warrior is severely damaged.
The spectral orc warrior misses you. Nergalle casts a spell at you.
Orcish apparitions take form around you.
You scratch the spectral orc warrior but do no damage.
You bite the spectral orc warrior, but do no damage.
The spectral orc warrior is severely damaged.
The spectral orc warrior completely misses you.
The spectral orc knight hits you with a +1 heavy great sword!!
Ouch! That really hurt!
* * * LOW HITPOINT WARNING * * *
You feel drained.
You die...
Your body crumbles into a pile of gold.

$ #.# # #># ###.# .#..#
..#.# #.#.# #.#.# #.#o#
#.#.# #.#.# #.#.# ##.#.#
#.#.# #############..#.###
#.#.###..ZZ@ZoZ9........)#
#..#....######.###+++###.#
#.#.##### #.#WOo....#.#
#.### ######.#.##..#.#.#
##.## #...ยง..#.....#.#.#
#...# #.####.#.#.#.#.#.#
###...### #.#
#.#.#...#.#.# ###.......#
#.# #.##.)!!.##.#
...........# #.#
#.#H.#.#..#.#


You could see Nergalle, 3 spectral orc warriors, a spectral orc knight
(summoned) and a friendly guardian golem (summoned, inner flame).

Vanquished Creatures
  Erolcha (D:9)
  A bullfrog (D:6)
  An orc priest (D:4)
  A gnoll (D:8)
  An adder (D:3)
  A shadow imp (D:8)
  An orc (D:7)
  A giant cockroach (D:3)
  A hobgoblin (D:2)
  3 quokkas (D:1)
  A frilled lizard (D:3)
13 creatures vanquished.

Vanquished Creatures (collateral kills)
  Gastronok (D:9)
  A kobold demonologist (D:9)
  A troll (D:10)
  Prince Ribbit (D:8)
  2 yaks (D:10)
  A shadow (D:10)
  A water moccasin (D:7)
  An orc warrior (D:8)
  A black bear (D:7)
  2 sky beasts
  A centaur (D:8)
  3 lemures (D:7)
  2 kobold brigands (D:9)
  A bullfrog (D:5)
  A necrophage (D:6)
  A wight (D:7)
  4 killer bees
  2 howler monkeys (D:7)
  3 hounds
  2 orc priests (D:8)
  2 gnoll boudas
  A jelly (D:4)
  2 iguanas
  3 orc wizards
  13 gnolls
  4 adders
  A white imp (D:7)
  3 dart slugs
  28 orcs
  10 ball pythons
  9 endoplasms
  11 giant cockroaches
  7 goblins
  A hobgoblin (D:1)
  5 jackals
  5 bats
  7 frilled lizards
  10 kobolds
  2 rats
156 creatures vanquished.

Vanquished Creatures (others)
  Harold (D:9)
  Erica (D:9)
  A boulder beetle (D:11)
  Pikel (D:7)
  Grinder (D:6)
  2 hornets
  6 yaks
  A steam dragon (D:7)
  A water moccasin (D:5)
  An orc warrior (D:6)
  A black bear (D:4)
  2 ogres
  2 centaurs
  A kobold brigand (D:9)
  2 gnoll sergeants
  6 killer bees
  A hound (D:5)
  A gnoll bouda (D:7)
  A jelly (D:7)
  4 orc wizards
  2 iguanas (D:5)
  11 gnolls
  3 orcs
  37 plants
90 creatures vanquished.

Grand Total: 259 creatures vanquished

Notes
Turn   | Place    | Note
-------+----------+-------------------------------------------
     0 | D:1      | wormed the Felid Summoner began the quest for the Orb.
     0 | D:1      | Reached XP level 1. HP: 7/7 MP: 4/4
   168 | D:1      | Reached XP level 2. HP: 11/11 MP: 3/6
  1390 | D:2      | Reached XP level 3. HP: 14/14 MP: 5/8
  1394 | D:2      | Learned a level 3 spell: Call Canine Familiar
  2096 | D:3      | Found a hazy altar of Hepliaklqana.
  2185 | D:3      | Reached XP level 4. HP: 18/18 MP: 9/9
  2452 | D:3      | Reached skill level 5 in Summonings
  2579 | D:3      | Found a glowing golden altar of the Shining One.
  2722 | D:3      | Found a transporter.
  2722 | D:3      | Noticed Bediveer's ghost (amateur KoHu)
  2738 | D:3      | Found a transporter.
  2738 | D:3      | Noticed an ogre
  2926 | D:3      | You fall into a shaft and drop 1 floor!
  2976 | D:4      | Reached XP level 5. HP: 21/21 MP: 8/11
  3031 | D:4      | Learned a level 3 spell: Summon Guardian Golem
  3114 | D:4      | Reached skill level 1 in Hexes
  3121 | D:4      | Reached skill level 3 in Dodging
  3132 | D:4      | Reached skill level 1 in Fighting
  3132 | D:4      | Gained mutation: You are covered in thick fur. (AC +2)
                  | [Felid growth]
  3132 | D:4      | Reached XP level 6. HP: 25/25 MP: 5/13
  3220 | D:4      | Found a runed translucent door.
  3220 | D:4      | Noticed benadryl's ghost (novice TrEE)
  3766 | D:4      | Killed by an exploding themself... ignited by their inner
                  | flame
  3767 | D:4      | Reached XP level 5. HP: -6/22 MP: 10/12
  3767 | D:4      | Reached XP level 6. HP: 26/26 MP: 13/13
  3970 | D:4      | Reached skill level 4 in Dodging
  4266 | D:5      | Entered Level 5 of the Dungeon
  4308 | D:5      | Found Raprituf's Self-Improvement Boutique.
  4414 | D:5      | Found an ornate altar of the Wu Jian Council.
  4465 | D:5      | Noticed a water moccasin
  4475 | D:5      | Reached skill level 5 in Hexes
  4475 | D:5      | Reached XP level 7. HP: 30/30 MP: 9/14
  4509 | D:5      | Reached skill level 1 in Air Magic
  4564 | D:5      | Found a white marble altar of Elyvilon.
  4570 | D:5      | Learned a level 4 spell: Summon Lightning Spire
  4583 | D:5      | Found Wesitog's Weapon Shoppe.
  4721 | D:5      | Found a shadowy altar of Dithmenos.
  4881 | D:5      | Found a burning altar of Makhleb.
  4881 | D:5      | Found a blossoming altar of Fedhas.
  5267 | D:5      | Found a staircase to the Ecumenical Temple.
  5425 | Temple   | Entered the Ecumenical Temple
  5637 | D:6      | Found a broken altar of Ashenzari.
  5798 | D:6      | Found a transporter.
  5798 | D:6      | Noticed a vampire mosquito
  5801 | D:6      | Noticed Chaicat's ghost (amateur MiFi)
  5801 | D:6      | Noticed a steam dragon
  5844 | D:6      | Found a transporter.
  5954 | D:6      | Reached skill level 5 in Dodging
  5985 | D:6      | Reached XP level 8. HP: 30/34 MP: 6/16
  6047 | D:6      | Reached skill level 5 in Spellcasting
  6343 | D:6      | Noticed Grinder
  6516 | D:6      | Paralysed by Grinder for 2 turns
  6520 | D:6      | Paralysed by Grinder for 4 turns
  6594 | D:6      | Killed Grinder
  6651 | D:6      | Reached skill level 6 in Dodging
  7024 | D:7      | Noticed Pikel
  7041 | D:7      | Killed Pikel
  7042 | D:7      | Reached XP level 9. HP: 39/39 MP: 8/18
  7250 | D:7      | Reached skill level 7 in Dodging
  7445 | D:7      | Reached skill level 5 in Fighting
  8222 | D:7      | Found an opulent altar of Gozag.
  8281 | D:7      | Became a worshipper of Gozag Ym Sagoz the Greedy
  8325 | D:8      | Noticed Prince Ribbit
  8342 | D:8      | Killed Prince Ribbit
  8847 | D:8      | Reached skill level 8 in Dodging
  9218 | D:8      | Found a shimmering blue altar of Sif Muna.
  9538 | D:9      | Noticed Erolcha
  9729 | D:9      | Reached XP level 10. HP: 45/45 MP: 13/20
  9942 | D:9      | Noticed Harold
  9946 | D:9      | Reached skill level 5 in Air Magic
  9958 | D:9      | Killed Harold
 10028 | D:9      | Noticed Gastronok
 10091 | D:9      | Found Aneol's Changing Room.
 10151 | D:9      | Identified the +2 ring mail of Indecent Exposure {Regen+}
 10159 | D:9      | Bought a book of Changes for 252 gold pieces
 10196 | D:9      | Noticed Erica
 10469 | D:9      | Killed Erica
 10470 | D:9      | Reached skill level 9 in Dodging
 10737 | D:9      | Noticed a rust devil
 10742 | D:9      | Identified the +8 hand axe "Bacrela" {drain, rC+ Str+4}
 11008 | D:9      | Found a snail-covered altar of Cheibriados.
 11218 | D:9      | Learned a level 4 spell: Airstrike
 11357 | D:9      | Killed from afar by Erolcha
 11358 | D:9      | Reached XP level 9. HP: -17/42 MP: 3/20
 11392 | D:9      | Killed Gastronok
 11393 | D:9      | Reached XP level 10. HP: 47/47 MP: 3/22
 11559 | Abyss:2  | Cast into level 2 of the Abyss (Erolcha)
 11564 | Abyss:2  | Noticed a large abomination
 11632 | D:9      | Escaped the Abyss
 11761 | D:9      | Killed from afar by Erolcha
 11762 | D:9      | Reached XP level 9. HP: -8/43 MP: 0/21
 11777 | D:9      | Killed Erolcha
 11849 | D:10     | Entered Level 10 of the Dungeon
 12031 | D:10     | Reached skill level 10 in Dodging
 12169 | D:10     | Noticed a troll
 12179 | D:10     | Killed a troll
 12180 | D:10     | Reached XP level 10. HP: 47/47 MP: 12/22
 12297 | D:10     | Found a stormy altar of Qazlal.
 12361 | D:10     | Found a staircase to the Lair.
 12481 | D:11     | Found a runed translucent gate.
 12482 | D:11     | Found a runed translucent gate.
 12483 | D:11     | Found a runed translucent gate.
 12487 | D:11     | Noticed a minotaur
 12487 | D:11     | Noticed a two-headed ogre
 12488 | D:11     | Noticed bmack86's ghost (journeyman MiFi)
 12528 | D:11     | Noticed a boulder beetle
 12594 | D:11     | Killed a boulder beetle
 12638 | D:11     | Noticed Nergalle
 12663 | D:11     | Slain by a spectral orc knight

Illustrated notes

Levels and vault maps discovered:
D:1:      evilmike_arrival_hilbert_curve, layout_loops_corners,
          minmay_tetromino_i2
D:2:      layout_rooms, corexii_item_surrounded_by_moat, minmay_bisected
D:3:      minmay_roachtagon, layout_loops_corners, grunt_temple_overflow_open,
          gammafunk_ghost_smash
D:4:      layout_basic, hellmonk_ghost_happy_afterlife, hangedman_feature_mirror
D:5:      layout_loops_cross, old_standard_altar, grunt_dithmenos_smoke,
          nzn_wu_jian_contemplation, nicolae_overflow_two_pavilions,
          minmay_temple_entry_fiery, serial_shops, shop, serial_bayou_pond_c,
          nicolae_shop_self_help
D:6:      layout_basic, mainiacjoe_overflow_cross_hatched,
          gammafunk_ghost_arena, uniq_grinder
D:7:      layout_cave_pods, marbit_many_paths, uniq_pikel
D:8:      layout_cave_pools, led_sif_book, hangedman_decor_peaks_small,
          nicolae_two_hexagons, uniq_prince_ribbit1
D:9:      layout_roguey, mainiacjoe_overflow_24_doors,
          nicolae_transmutations_shop, uniq_harold, uniq_gastronok, uniq_erica,
          uniq_erolcha
D:10:     layout_cave_pools, mainiacjoe_overflow_boulevard, lair_entry_dummy
D:11:     layout_loops_ring, maelrawn_ghost_gauntlet_escape,
          portal_ice_cave_entry_imps, kennysheep_generic_room_10, uniq_nergalle
Temple:   cyrus_temple_forest

Skill      XL: |  1  2  3  4  5  6  7  8  9 10 |
---------------+-------------------------------+-----
Spellcasting   | 3 4 5 6 7 |  7.9
Summonings     | 5 6 7 9 |  9.3
Hexes          | 4 5 |  5.0
Dodging        | 3 4 5 6 10 9 | 10.2
Fighting       | 1 2 3 4 7 |  7.6
Air Magic      | 2 3 6 5 |  6.4
Stealth        | |  2.6

Action                   |  1- 3 |  4- 6 |  7- 9 | 10-12 || total
-------------------------+-------+-------+-------+-------++-------
Melee: Unarmed           |    34 |    15 |    42 |     6 ||    97
       Bite              |     6 |     1 |     9 |     1 ||    17
 Cast: Summon Small Mamm |    44 |    16 |    18 |     2 ||    80
       Call Canine Famil |     7 |    27 |    39 |    23 ||    96
       Summon Guardian G |       |    13 |    48 |    29 ||    90
       Summon Lightning  |       |       |    23 |     8 ||    31
       Airstrike         |       |       |     6 |     7 ||    13
Evoke: Wand              |       |       |     2 |       ||     2
  Use: Scroll            |     4 |    15 |     2 |       ||    21
       Potion            |       |     2 |       |     1 ||     3
 Stab: Distracted        |       |     1 |       |       ||     1
       Sleeping          |       |       |     1 |       ||     1
Armor: Skin              |     6 |     3 |     6 |       ||    15
Dodge: Dodged            |    42 |    29 |    61 |    29 ||   161

Table legend: (Time is in decaauts)
 A = Elapsed time spent in this place.
 B = Non-inter-level travel time spent in this place.
 C = Inter-level travel time spent in this place.
 D = Time resting spent in this place.
 E = Time spent auto-exploring this place.
 F = Levels seen in this place.
 G = Mean time per level.
                   A        B        C        D        E       F      G
               +--------+--------+--------+--------+--------+-----+--------+
         Total |  11228 |  10704 |    524 |      0 |   7316 |  14 |  802.0 |
       Dungeon |  11080 |  10572 |    508 |      0 |   7265 |  11 | 1007.3 |
        Temple |     83 |     67 |     16 |      0 |     22 |   1 |   83.0 |
         Abyss |     64 |     64 |      0 |      0 |     29 |   2 |   32.0 |
               +--------+--------+--------+--------+--------+-----+--------+

Top non-repeatable levels by time:
     D:9: 1897 daAuts
     D:7: 1323 daAuts
     D:4: 1221 daAuts
     D:8: 1216 daAuts
     D:5: 1176 daAuts
     D:1: 1144 daAuts
     D:6: 993 daAuts
     D:3: 797 daAuts
     D:2: 596 daAuts
    D:10: 527 daAuts
    D:11: 185 daAuts
  Temple: 83 daAuts
 Abyss:3: 50 daAuts
 Abyss:2: 13 daAuts
